 Dungeon Crawl Stone Soup version 0.24.0-5-g267a8d59f4 (webtiles) character file.

Game seed: 7789765832912981752, levelgen mode: deterministic

18 nightchill the Caller (level 2, -3/14 HPs)
             Began as a Vampire Summoner on Nov 1, 2019.
             Slain by an adder (4 damage)
             ... on level 1 of the Dungeon.
             The game lasted 00:04:35 (1331 turns).

nightchill the Caller (Vampire Summoner)            Turns: 1331, Time: 00:04:36

Health: -3/14      AC:  2    Str:  7    XL:     2   Next: 48%
Magic:  3/5        EV: 12    Int: 17    God:
Gold:   50         SH:  0    Dex: 14    Spells: 4/5 levels left

rFire    . . .     SeeInvis +   e - +0 dagger
rCold    + + .     Gourm    .   (no shield)
rNeg     + + +     Faith    .   a - +0 robe
rPois    ∞         Spirit   .   (no helmet)
rElec    .         Reflect  .   (no cloak)
rCorr    .         Harm     .   (no gloves)
MR       .....                  (no boots)
Stlth    ++++......             (no amulet)
HPRegen  0.00/turn              (no ring)
MPRegen  0.09/turn              (no ring)

@: lethally poisoned (-3 -> -3), bloodless, regenerating quickly
A: no food, fangs 3, see invisible, [frail 1], unbreathing
a: Revivify


You were on level 1 of the Dungeon.
You were bloodless.

You visited 1 branch of the dungeon, and saw 2 of its levels.

You collected 50 gold pieces.

Inventory:

Hand Weapons
 e - a +0 dagger (weapon)
Missiles
 d - 74 stones (quivered)
Armour
 a - a +0 robe (worn)
Scrolls
 f - a scroll of immolation {unknown}
Potions
 b - a potion of lignification {unknown}
 c - a potion of ambrosia {unknown}
 g - a potion of flight {unknown}


   Skills:
 + Level 0.6 Fighting
 * Level 1.0 Short Blades
 - Level 2.1 Dodging
 + Level 3.4 Stealth
 - Level 2.0 Spellcasting
 * Level 4.2 Summonings


You had 4 spell levels left.
You knew the following spells:

 Your Spells              Type           Power        Failure   Level  Hunger
a - Summon Small Mammal   Summ           ###.         3%          1    N/A

Your spell library contained the following spells:

 Spells                   Type           Power        Failure   Level  Hunger
 Call Imp                 Summ           ###.....     4%          2    N/A
 Call Canine Familiar     Summ           ###.....     10%         3    N/A
 Summon Guardian Golem    Hex/Summ       #.......     24%         3    N/A
 Summon Ice Beast         Ice/Summ       #.......     63%         4    N/A
 Summon Lightning Spire   Summ/Air       #.......     63%         4    N/A

Dungeon Overview and Level Annotations

Branches:
Dungeon (2/15)

Altars:


Innate Abilities, Weirdness & Mutations

You do not eat.
You do not regenerate when monsters are visible.
You are frail without blood (-20% HP).
You can heal yourself when you bite living creatures.
You are immune to poison.
You have razor-sharp teeth.
You have supernaturally acute eyesight. (SInv)
You can survive without breathing.
[You are frail. (-10% HP)]


Message History

The adder barely misses you.
Now bloodless.
You barely miss the adder. The adder bites you.
* * * LOW HITPOINT WARNING * * *
Casting: Summon Small Mammal (safe; 3% risk of failure)
Confirm with . or Enter, or press ? or * to list all spells.
The adder bites you but does no damage. The adder misses you.
The adder bites you.
* * * LOW HITPOINT WARNING * * *
Your bat barely misses the adder.
Your bat closely misses the adder.
Your bat closely misses the adder.
The adder barely misses your bat.
Your bat hits the adder.
Your bat barely misses the adder.
Your bat hits the adder. Your bat hits the adder.
Casting: Summon Small Mammal (safe; 3% risk of failure)
Confirm with . or Enter, or press ? or * to list all spells.
The adder bites you.
You die...

####.#..##########.##.#####.#
#....#........#.....#.#......
#.#..#...###>...##..#.#.....#
#.#..#...#.......#..#.#.....#
#.#.).........##.#..#.#.....#
#.###..####...##.#..#........
#...#.......b.##..#####......
###.######..S####.## ###....
##.....##..@# #..# #.....
####....#.###..# ##.## #..##.
##.....#.#...#.r# #..# #.....
#......#.##.##..# ####.####.####
#[.....#........###.....[...##..
#.#..........##.................
#.#.###......######.#....#####.#
#.#.# #......# #.#..........#
#.#.# #......# #.#...........


You could see an adder, a friendly quokka and a friendly bat.

Vanquished Creatures
  A dart slug (D:1)
  A leopard gecko (D:2)
  3 bats (D:1)
  A giant cockroach (D:1)
  2 hobgoblins (D:1)
  A frilled lizard (D:1)
  A rat (D:1)
10 creatures vanquished.

Vanquished Creatures (collateral kills)
  A dart slug (D:1)
  A goblin (D:1)
  A frilled lizard (D:1)
  2 kobolds (D:1)
5 creatures vanquished.

Grand Total: 15 creatures vanquished

Notes
Turn   | Place    | Note
-------+----------+-------------------------------------------
     0 | D:1      | nightchill the Vampire Summoner began the quest for the
                  | Orb.
     0 | D:1      | Reached XP level 1. HP: 13/13 MP: 3/3
   879 | D:1      | Reached XP level 2. HP: 8/18 MP: 0/5
  1311 | D:2      | Reached skill level 1 in Short Blades
  1331 | D:1      | Slain by an adder

Levels and vault maps discovered:
D:1:      mainiacjoe_arrival_reflecting_pool, layout_basic, st_stairs_3
D:2:      layout_basic

Skill      XL: |  1  2 |
---------------+-------+-----
Short Blades   | 1 |  1.0
Fighting       | |  0.6
Dodging        | |  2.1
Stealth        | |  3.4
Spellcasting   | |  2.0
Summonings     | |  4.2

Action                   || total
-------------------------++-------
Melee: Dagger            ||    54
       Bite              ||     3
 Cast: Summon Small Mamm ||    33
 Abil: Exsanguinate      ||     2
       Revivify          ||     1
 Stab: Sleeping          ||     4
       Distracted        ||     1
Armor: Robe              ||    25
Dodge: Dodged            ||    57
